AoeStats
← Janko_22

Black Forest

507823568Analyzed
4v4 RM · 12d ago on Sep 19, 2026· 14m 51s· 8 players
Game mode
Random Map
Map size
Large (8 player)
Population
200
Speed
Normal
Resources
Standard
Victory
Conquest
Starting age
Dark Age
Ending age
Imperial Age
RankedLock teamsTeams togetherTeam positionsShared explorationLock speedFull tech treeHidden civsTurbo modeCheats
Victory
Defeat
🇱🇻 Byzantines · Latvia
852
+6
🇺🇸 Persians · United States
717
+10
🇩🇪 Britons · Germany
665
+12
🇦🇷 Turks · Argentina
661
+12
🇦🇷 Lithuanians · Argentina
641
-12
🇩🇪 Bohemians · Germany
585
-10
🇨🇴 Khmer · Colombia
580
-10
🇧🇷 Chinese · Brazil
528
-8
Andrew2405
15:46 Feudal Age
Don M´s
1:06 Loom
10:53 Feudal Age
Luciano24cm
5:49 Loom
9:03 Feudal Age
9:57 Double-Bit Axe
DestrosXzw
0:46 Loom
Janko_22
2:35 Loom
11:31 Feudal Age
c16levi.braley
12:52 Feudal Age
13:13 Double-Bit Axe
13:11 Horse Collar
13:20 Man-at-Arms
Fede_Kha
0:42 Loom
12:43 Feudal Age
13:19 Double-Bit Axe
13:52 Horse Collar
AjeziSajirava
1:56 Loom
11:55 Feudal Age
16:30 Castle Age
Connection lost

Rejoining the realm…

Still unreachable

The connection could not be restored.

Session expired

The server has moved on; the page needs a fresh start.